 Dungeon Crawl Stone Soup version 0.18-a0-1639-g7533f42 (webtiles) character file.

482 Ratboiler the Covert (level 6, 0/30 HPs)
             Began as a Spriggan Wanderer on Mar 27, 2016.
             Was an Initiate of Gozag.
             Slain by a phantom (9 damage)
             ... on level 5 of the Dungeon.
             The game lasted 00:06:24 (4149 turns).

Ratboiler the Covert (Spriggan Wanderer)            Turns: 4149, Time: 00:06:25

Health: 0/30       AC:  3    Str:  9    XL:     6   Next: 87%
Magic:  7/7        EV: 17    Int: 13    God:    Gozag
Gold:   136        SH:  0    Dex: 17    Spells: 0 memorised, 5 levels left

rFire  . . .     SeeInvis +     b - +0 quarterstaff
rCold  . . .     Gourm    .     m - +0 robe (curse)
rNeg   . . .     Faith    .     (shield currently unavailable)
rPois  +         Spirit   .     (helmet restricted)
rElec  .         Dismiss  .     g - +0 cloak
rCorr  .         Reflect  .     (gloves unavailable)
SustAt .         Harm     .     (boots unavailable)
MR     +....                    i - amulet of magic regeneration
Stlth  +++++.....               (no ring)
                                j - ring of poison resistance (curse)

@: drained, very quick, somewhat resistant to hostile enchantments, quite
stealthy
A: unfitting armour, see invisible, herbivore 3, speed 3, slow metabolism 2
a: Potion Petition, Call Merchant, Bribe Branch, Renounce Religion


You were on level 5 of the Dungeon.
You worshipped Gozag.
Gozag was noncommittal.
You were not hungry.

You visited 2 branches of the dungeon, and saw 6 of its levels.

You collected 207 gold pieces.
You paid 71 gold pieces to Gozag.

Inventory:

Hand Weapons
 a - a +0 dagger
 b - a +0 quarterstaff (weapon)
Armour
 d - a +2 robe
 g - a +0 cloak (worn)
 m - a cursed +0 robe (worn)
Jewellery
 i - an amulet of magic regeneration (around neck)
 j - a cursed ring of poison resistance (left hand)
Wands
 p - a wand of paralysis (20/24)
 s - a wand of confusion (17/48)
Scrolls
 c - a scroll of teleportation
 k - 3 scrolls of remove curse {unknown}
 l - 2 scrolls of magic mapping {unknown}
 n - a scroll of enchant armour
 t - 2 scrolls of recharging {unknown}
Potions
 e - a potion of flight
 h - 5 potions of curing {unknown}
 o - a potion of haste
 r - a potion of cure mutation
 u - a potion of degeneration {unknown}
Comestibles
 f - 3 bread rations
 q - 4 fruits


   Skills:
 - Level 1.0(0.0) Fighting
 - Level 0.7(0.0) Short Blades
 + Level 4.4(3.4) Staves
 - Level 3.0(2.0) Dodging
 + Level 9.7(8.5) Stealth


You had 5 spell levels left.
You didn't know any spells.

Dungeon Overview and Level Annotations

Branches:
Dungeon (5/15)             Temple (1/1) D:5

Altars:
Ashenzari
Gozag
Kikubaaqudgha
Makhleb
Nemelex Xobeh
Okawaru
Pakellas
Qazlal
Vehumet
Xom
Yredelemnul
Zin
The Shining One


Innate Abilities, Weirdness & Mutations

You are tiny and cannot use many weapons and most armour.
You have supernaturally acute eyesight.
You are a herbivore.
You cover ground extremely quickly.
You need consume almost no food.


Message History

The phantom blinks!
The phantom closely misses you.
You hit the phantom.
The phantom is moderately damaged.
The phantom closely misses you.
You hit the phantom.
The phantom is moderately damaged.
The phantom completely misses you.
You miss the phantom.
The phantom is moderately damaged.
The phantom barely misses you.
You closely miss the phantom.
The phantom is moderately damaged.
The phantom blinks!
The phantom barely misses you.
You hit the phantom.
The phantom is moderately damaged.
The phantom hits you!
You die...
Your body crumbles into a pile of gold.

#.#
##....##.......
... ##..## #....#
..... #..## #....#
..Y ..# #.##
#.....# #...##
##.# ##.....#
#<...###.>####...#
#.......###...#
##....$W.....##
##....@......#
##...ยง..........
##..###########
####


You could see a phantom.

Vanquished Creatures
  2 howler monkeys (D:4)
  A crimson imp (D:5)
  2 hounds
  An orc priest (D:4)
  A centaur skeleton (D:4)
  2 giant frog skeletons
  Jessica (D:3)
  2 worker ants (D:4)
  A gnoll (D:3)
  3 adders
  A shadow imp (D:3)
  An ooze (D:2)
  A worm (D:2)
  3 dart slugs
  2 giant geckos (D:2)
  5 orcs
  5 giant cockroaches
  4 hobgoblins
  6 jackals
  A quokka (D:2)
  3 ball pythons
  8 bats
  6 giant newts
  7 goblins
  9 kobolds
  A rat (D:2)
79 creatures vanquished.

Notes
Turn   | Place    | Note
--------------------------------------------------------------
     0 | D:1      | Ratboiler the Spriggan Wanderer began the quest for the Orb.
     0 | D:1      | Ratboiler set off with: a +2 robe, a +0 quarterstaff, a scroll of teleportation, a +0 dagger, a bread ration
     0 | D:1      | Reached XP level 1. HP: 10/10 MP: 2/2
   105 | D:1      | Reached skill level 6 in Stealth
   212 | D:1      | Reached XP level 2. HP: 14/14 MP: 3/3
   674 | D:2      | Reached XP level 3. HP: 9/18 MP: 4/4
  1307 | D:2      | Reached skill level 7 in Stealth
  1845 | D:3      | Reached XP level 4. HP: 8/22 MP: 5/5
  2274 | D:3      | Noticed Jessica
  2280 | D:3      | Killed Jessica
  2894 | D:4      | Reached skill level 8 in Stealth
  2894 | D:4      | Reached XP level 5. HP: 25/25 MP: 6/6
  3094 | D:4      | Reached XP level 6. HP: 20/30 MP: 7/7
  3359 | D:4      | Reached skill level 9 in Stealth
  3676 | D:5      | Entered Level 5 of the Dungeon
  3678 | D:5      | Found a shattered altar of Ashenzari.
  3938 | D:5      | Found a staircase to the Ecumenical Temple.
  3944 | Temple   | Entered the Ecumenical Temple
  4044 | Temple   | Became a worshipper of Gozag Ym Sagoz the Greedy
  4064 | D:5      | Noticed a sky beast
  4149 | D:5      | Slain by a phantom

Vault maps used:
D:1:      minmay_arrival_diagonal_passages
D:3:      uniq_jessica
D:4:      first_bread
D:5:      overflow_temple_1_default, minmay_temple_entry_hall
Temple:   circular_temple_12

Skill      XL: |  1  2  3  4  5  6 |
---------------+-------------------+-----
Stealth        | 6 7 8 9 |  9.7
Staves         | 3 4 |  4.4
Fighting       | |  1.0
Short Blades   | |  0.7
Dodging        | |  3.0

Action                   |  1- 3 |  4- 6 || total
-------------------------+-------+-------++-------
Melee: Dagger            |    15 |     7 ||    22
       Quarterstaff      |   104 |   151 ||   255
Evoke: Wand              |       |     1 ||     1
  Use: Scroll            |       |     4 ||     4
 Stab: Sleeping          |    10 |     9 ||    19
       Distracted        |     1 |     1 ||     2
  Eat: Pizza             |       |     1 ||     1
